Map: Tropical Sacrifice

Players

NightMare

  • Race: Protoss Protoss
  • Spawn Location: 1:00

Solar - Winner!

  • Race: Zerg Zerg
  • League: Master
  • Spawn Location: 7:00

Event: HomeStory Cup XXII

VOD

Have the link to the VOD?

Description

Time

  • Played on: Dec. 15, 2022, 2:37 p.m.
  • Length: 18:55

All games in this series

Show
View Real Time Build Order
Export as new Build Order

NightMare Protoss 

Build Orders: 1 Gate Expand, Oracle Opening, Zealot Archon 

Get SALT Encoding   

  12  0:00  Probe  
  13  0:12  Probe  
  14  0:20  Pylon  
  14  0:24  Probe  
  15  0:38  Probe (Chrono Boost)  
  15  0:40  Gateway  
  16  0:49  Probe (Chrono Boost)  
  17  0:52  Assimilator  
  17  0:54  Probe (Chrono Boost)  
  18  1:04  Probe  
  19  1:17  Probe  
  20  1:28  Nexus  
  20  1:38  Cybernetics Core  
  20  1:41  Probe  
  20  1:46  Assimilator  
  21  1:53  Probe  
  22  1:57  Pylon  
  22  2:05  Probe  
  23  2:12  Adept (Chrono Boost)  
  25  2:17  Probe  
  25  2:21  Warp Gate  
  26  2:29  Probe  
  27  2:33  Stargate  
  27  2:37  Adept  
  27  2:41  Probe x2  
  31  2:53  Probe x2  
  31  2:55  Gateway  
  33  3:05  Probe (Chrono Boost)  
  34  3:09  Probe (Chrono Boost)  
  35  3:13  Stalker  
  35  3:15  Oracle (Chrono Boost)  
  35  3:17  Probe (Chrono Boost)  
  42  3:21  Probe (Chrono Boost)  
  42  3:23  Probe (Chrono Boost)  
  42  3:24  Pylon  
  43  3:30  Probe  
  44  3:34  Probe  
  45  3:42  Oracle (Chrono Boost)  
  45  3:44  Probe  
  45  3:46  Probe  
  50  4:02  Probe x2  
  52  4:03  Nexus  
  52  4:04  Pylon  
  52  4:14  Probe x2  
  54  4:23  Adept x2  
  58  4:26  Probe, Assimilator  
  58  4:27  Shield Battery  
  56  4:31  Assimilator  
  56  4:33  Probe  
  56  4:38  Probe  
  56  4:43  Adept x2  
  56  4:45  Probe  
  59  4:50  Probe  
  60  4:57  Probe  
  60  4:59  Twilight Council  
  61  5:00  Robotics Facility  
  61  5:02  Probe  
  62  5:08  Pylon  
  62  5:09  Pylon  
  62  5:15  Probe x2  
  62  5:17  Probe  
  65  5:23  Gateway  
  65  5:24  Gateway  
  65  5:29  Gateway x2, Probe  
  65  5:30  Probe  
  65  5:31  Probe  
  68  5:41  Probe  
  68  5:42  Probe  
  68  5:45  Charge (Chrono Boost)  
  68  5:47  Probe  
  68  5:49  Warp Prism  
  65  5:56  Templar Archives, Probe (Chrono Boost)  
  62  6:00  Probe x2 (Chrono Boost)  
  62  6:02  Zealot  
  62  6:03  Zealot  
  68  6:08  Pylon  
  68  6:10  Probe x3 (Chrono Boost)  
  71  6:17  Probe  
  72  6:21  Pylon  
  72  6:23  Robotics Bay  
  72  6:24  Probe x2, Forge  
  74  6:37  Shield Battery  
  74  6:39  High Templar x2  
  78  6:40  High Templar x2  
  78  6:41  Zealot x2  
  78  6:43  Probe x3, Assimilator  
  78  6:44  Assimilator, Pylon  
  78  6:45  Archon  
  78  6:46  Archon  
  89  6:48  Observer (Chrono Boost)  
  90  7:01  Zealot  
  90  7:02  Zealot  
  90  7:08  Immortal (Chrono Boost)  
  80  7:18  Zealot x4  
  81  7:30  Disruptor (Chrono Boost)  
  78  7:37  Zealot x2  
  78  7:39  Pylon  
  78  7:41  Probe x2  
  80  7:48  Protoss Ground Weapons Level 1 (Chrono Boost), Zealot x2  
  80  7:49  Zealot x2  
  88  7:54  Pylon  
  88  7:55  Pylon  
  88  7:57  Pylon  
  88  7:58  Shield Battery  
  88  8:06  Pylon  
  88  8:11  Disruptor (Chrono Boost)  
  88  8:12  Probe x2  
  93  8:14  Zealot  
  93  8:19  Stalker x4  
  103  8:24  Probe x2  
  105  8:36  Probe  
  105  8:37  Probe  
  106  8:42  Blink (Chrono Boost)  
  106  8:44  Disruptor (Chrono Boost)  
  109  8:48  Probe  
  109  8:54  Pylon  
  109  8:55  Pylon  
  110  9:05  Nexus  
  110  9:07  Probe x2, Pylon  
  110  9:08  Assimilator  
  112  9:18  Assimilator  
  112  9:22  High Templar x4  
  112  9:23  Observer  
  120  9:25  Zealot x2  
  120  9:26  Archon x2  
  124  9:37  Gateway  
  127  9:39  Shield Battery, Gateway  
  127  9:52  Pylon  
  127  9:56  Stalker x4  
  127  9:59  Shield Battery  
  124  10:07  Stalker x2  
  121  10:22  Stargate, Photon Cannon  
  121  10:24  Probe x3  
  117  10:37  Disruptor (Chrono Boost), Probe x3  
  123  10:45  Stalker x2  
  123  10:49  Probe  
  124  10:55  Probe  
  124  10:56  Probe  
  126  11:03  Disruptor (Chrono Boost)  
  129  11:29  Nexus  
  129  11:30  High Templar x4, Pylon  
  129  11:31  Zealot x2, High Templar x2  
  144  11:33  Disruptor (Chrono Boost)  
  144  11:35  Archon x2  
  144  11:36  Archon  
  147  11:52  Stalker x2  
  133  12:04  Stalker x6  
  137  12:24  Stalker x2  
  137  12:28  Stalker x4  
  149  12:33  Stalker x2  
  150  12:47  Stalker  
  152  12:53  Stalker x2  
  149  13:18  Stalker x5  
  124  13:23  Stalker  
  92  13:42  Zealot x7  
  84  14:03  Zealot  
  84  14:04  Zealot x6  
  94  14:11  Stalker  
  82  14:29  Warp Prism (Chrono Boost), High Templar x4  
  90  14:32  Zealot, High Templar x2  
  90  14:36  Archon x3  
  94  14:49  Pylon  
  94  14:53  Zealot x2  
  94  14:55  Disruptor (Chrono Boost)  
  89  15:09  Zealot x6  
  101  15:21  Disruptor (Chrono Boost)  
  101  15:22  High Templar x2  
  108  15:30  Archon  
  101  15:37  Stalker x6  
  102  16:01  Stalker x5  
  102  16:02  Stalker  
  110  16:07  Zealot x2  
  93  16:23  Disruptor (Chrono Boost)  
  86  16:33  Zealot x6  
  94  16:43  High Templar x2  
  92  16:48  Archon  
  88  16:58  Stalker x4  
  90  17:06  Zealot x2  
  85  17:23  High Templar x2  
  85  17:27  High Templar  
  85  17:28  Zealot x3, Archon, High Templar  
  95  17:33  Zealot, Archon  
  77  17:52  Zealot x3  
  77  17:58  Stalker  
  77  17:59  Stalker  
  64  18:20  Zealot x4, High Templar x2  
  64  18:25  Archon  
  64  18:38  Zealot x2  
Show
View Real Time Build Order
Export as new Build Order

Solar Zerg - Winner!

Build Orders: Hatch First 

Get SALT Encoding   

  12  0:01  Drone  
  13  0:12  Overlord  
  13  0:17  Drone  
  14  0:31  Drone x2  
  16  0:50  Hatchery  
  16  0:52  Drone  
  16  0:56  Drone  
  17  0:59  Drone  
  18  1:10  Extractor  
  17  1:15  Spawning Pool  
  16  1:18  Drone  
  16  1:21  Drone  
  18  1:29  Drone  
  19  1:38  Drone  
  20  1:49  Overlord  
  20  2:01  Queen x2  
  20  2:02  Zergling x4  
  26  2:11  Drone  
  26  2:13  Drone  
  26  2:15  Metabolic Boost  
  28  2:23  Drone x2  
  30  2:38  Hatchery  
  29  2:45  Queen  
  29  2:48  Zergling x2  
  32  2:52  Overlord  
  32  2:56  Drone  
  32  2:58  Drone  
  34  3:00  Drone  
  34  3:02  Drone  
  36  3:12  Drone x4  
  40  3:17  Queen  
  42  3:20  Drone  
  42  3:24  Overlord  
  42  3:26  Drone  
  44  3:35  Overlord  
  43  3:41  Queen  
  43  3:43  Drone x2  
  43  3:44  Zergling x4  
  49  3:50  Drone  
  49  3:52  Queen  
  49  3:53  Drone  
  52  3:58  Spore Crawler  
  52  4:00  Drone  
  52  4:01  Zergling x4  
  54  4:03  Drone  
  54  4:09  Drone x2  
  55  4:14  Spore Crawler  
  55  4:16  Spore Crawler, Drone  
  53  4:17  Drone  
  53  4:21  Overlord  
  55  4:25  Zergling x6  
  55  4:27  Overlord  
  55  4:30  Overlord  
  58  4:34  Drone  
  57  4:40  Drone  
  57  4:41  Drone  
  57  4:43  Drone  
  57  4:44  Drone  
  57  4:45  Drone  
  62  4:46  Drone  
  62  4:48  Drone  
  62  4:49  Drone  
  62  4:51  Drone  
  64  4:56  Zergling x2  
  64  4:59  Lair  
  64  5:00  Zergling x2  
  64  5:01  Roach Warren  
  64  5:02  Zergling x2  
  64  5:05  Queen  
  66  5:08  Extractor  
  66  5:09  Drone x5  
  66  5:11  Extractor  
  66  5:14  Overlord  
  69  5:15  Drone x2  
  69  5:16  Zergling x2  
  69  5:17  Drone  
  69  5:19  Drone  
  69  5:21  Drone  
  75  5:23  Drone x2  
  75  5:27  Overlord  
  75  5:28  Drone  
  78  5:30  Zergling x2  
  79  5:37  Pneumatized Carapace  
  79  5:38  Extractor  
  79  5:39  Zergling x8  
  77  5:46  Zergling x2  
  77  5:47  Zergling x12  
  79  5:50  Drone  
  79  5:51  Drone  
  79  5:52  Drone  
  81  6:06  Overlord x2  
  81  6:11  Roach  
  81  6:12  Roach x4  
  81  6:14  Roach x2  
  81  6:16  Roach x2  
  97  6:27  Overlord  
  97  6:28  Zergling x12  
  97  6:32  Zergling x2  
  104  6:34  Ravager x2  
  104  6:37  Overlord  
  104  6:40  Zergling x2  
  104  6:41  Zergling x2  
  104  6:42  Zergling x4, Ravager  
  104  6:43  Ravager  
  104  6:45  Zergling x8  
  113  6:48  Overlord  
  113  6:51  Zergling x2  
  114  6:58  Zergling x2  
  114  6:59  Zergling x4  
  114  7:00  Overlord  
  117  7:02  Zergling x2  
  117  7:07  Glial Reconstitution  
  115  7:13  Roach x5  
  115  7:14  Roach  
  125  7:21  Roach x2  
  124  7:26  Roach  
  124  7:29  Zergling x2  
  116  7:32  Roach  
  116  7:36  Zergling x4  
  120  7:43  Drone  
  120  7:44  Drone x4  
  118  7:45  Drone  
  118  7:47  Drone  
  118  7:48  Drone  
  120  7:51  Drone  
  120  7:52  Drone  
  121  7:59  Extractor  
  121  8:01  Drone  
  121  8:02  Spire  
  121  8:04  Drone x2  
  121  8:05  Drone  
  123  8:14  Drone  
  123  8:16  Drone  
  123  8:19  Drone, Extractor  
  116  8:20  Drone  
  116  8:23  Overlord  
  116  8:24  Zergling x4  
  116  8:26  Zergling x2  
  120  8:28  Hatchery  
  120  8:32  Overlord  
  120  8:33  Drone  
  120  8:35  Drone  
  120  8:39  Overlord  
  120  8:43  Overlord  
  120  8:45  Overlord  
  120  8:46  Drone  
  117  8:48  Overseer  
  117  8:51  Drone  
  117  8:56  Zergling x2  
  117  8:58  Drone  
  119  9:02  Extractor  
  118  9:14  Mutalisk x9  
  135  9:17  Roach x2  
  135  9:21  Evolution Chamber  
  138  9:24  Baneling Nest, Roach  
  138  9:25  Drone  
  138  9:26  Drone  
  138  9:30  Drone  
  140  9:31  Drone  
  140  9:33  Drone  
  142  9:38  Zergling x12  
  142  9:42  Overlord  
  142  9:44  Drone x2  
  150  9:47  Drone  
  150  9:52  Drone  
  152  9:54  Drone  
  153  10:00  Zerg Melee Weapons Level 1  
  153  10:03  Zergling x20  
  163  10:08  Drone, Centrifugal Hooks  
  163  10:10  Drone  
  163  10:11  Drone  
  163  10:12  Drone  
  163  10:13  Zergling x2  
  168  10:17  Roach x2  
  168  10:18  Zergling x2  
  168  10:20  Zergling x2  
  174  10:22  Baneling x6  
  174  10:23  Drone  
  174  10:27  Baneling x7  
  174  10:28  Baneling x2  
  173  10:30  Zergling x2  
  173  10:31  Zergling x4  
  173  10:32  Baneling x2  
  173  10:33  Zergling x2  
  175  10:38  Zergling x8  
  175  10:39  Zergling x2  
  180  10:43  Zergling x8  
  180  10:46  Zergling x4  
  180  10:48  Zergling x8  
  190  10:51  Overlord  
  190  10:55  Ravager x2  
  190  11:09  Baneling x16  
  190  11:11  Hatchery  
  189  11:14  Drone  
  189  11:15  Drone x3  
  189  11:16  Zergling x14  
  199  11:28  Baneling x20  
  199  11:35  Baneling x11  
  199  11:45  Zergling x2  
  198  11:50  Zergling x2  
  198  11:51  Zergling x8  
  173  12:02  Roach x2  
  173  12:03  Zergling x8  
  173  12:04  Zergling x12  
  173  12:05  Zergling x4, Zerg Melee Weapons Level 2  
  173  12:08  Zergling x20  
  187  12:12  Zergling x8  
  188  12:16  Zergling x2  
  188  12:18  Roach  
  188  12:19  Roach  
  176  12:24  Zergling x4  
  176  12:26  Zergling x8  
  176  12:29  Zergling x8  
  183  12:32  Baneling x4  
  183  12:33  Baneling x15  
  183  12:35  Zergling x4, Baneling x3  
  185  12:39  Ravager x7  
  185  12:40  Zergling x2  
  185  12:41  Zergling x2  
  188  12:45  Zergling x8  
  188  12:46  Baneling x2  
  188  12:50  Zergling x6  
  193  12:55  Zergling x8  
  193  12:56  Zergling x2  
  195  12:58  Zergling x4  
  181  13:06  Zergling x4  
  181  13:09  Baneling x8  
  170  13:16  Zergling x12  
  135  13:21  Roach x5  
  135  13:25  Roach x2  
  143  13:27  Zergling x8  
  143  13:29  Roach  
  132  13:35  Roach x2  
  132  13:39  Queen, Roach x2  
  131  13:42  Zergling x2, Queen  
  131  13:45  Zergling x2  
  128  13:50  Zergling x2  
  128  13:52  Zergling x4  
  125  13:56  Zergling x2  
  125  13:57  Hatchery  
  125  14:01  Roach x2  
  122  14:03  Queen x2  
  122  14:06  Roach x2  
  124  14:12  Roach x2  
  124  14:15  Queen  
  122  14:18  Roach x2  
  122  14:20  Ravager x2  
  122  14:23  Zergling x4  
  123  14:26  Zergling x4  
  123  14:30  Baneling  
  123  14:31  Roach, Ravager  
  128  14:35  Roach x2  
  132  14:41  Baneling x4  
  131  14:45  Roach  
  131  14:46  Roach x2  
  131  14:48  Zergling x6  
  131  14:51  Hatchery  
  138  14:53  Zergling x8  
  138  14:59  Zergling x4  
  143  15:06  Zergling x4  
  144  15:08  Ravager  
  144  15:09  Zergling x4, Ravager  
  144  15:10  Overseer  
  144  15:12  Baneling x14, Overlord  
  148  15:14  Zergling x2  
  148  15:15  Zergling x10  
  148  15:20  Zergling x4  
  154  15:22  Zergling x2  
  154  15:27  Zerg Missile Weapons Level 1  
  155  15:29  Zergling x8  
  150  15:36  Roach x3  
  150  15:38  Roach  
  150  15:42  Roach x4  
  141  15:43  Zergling x2  
  141  15:45  Baneling x4  
  139  15:50  Zergling x8  
  139  15:52  Ravager x3  
  139  15:55  Zergling x2  
  139  15:56  Zergling x6  
  149  15:58  Roach x2  
  149  16:01  Zergling x2  
  141  16:08  Roach x4  
  128  16:12  Roach x4  
  128  16:14  Queen  
  126  16:19  Zergling x4  
  126  16:20  Zergling x8  
  126  16:23  Roach x2  
  124  16:26  Zergling x2  
  124  16:27  Zergling x4  
  124  16:30  Zergling x2  
  126  16:32  Ravager  
  126  16:33  Zergling x2, Ravager  
  126  16:34  Queen x2  
  126  16:35  Zergling x2  
  126  16:39  Zergling x6  
  127  16:43  Zergling x6  
  127  16:45  Baneling x5  
  127  16:46  Zergling x2  
  129  16:53  Zergling x6  
  128  16:58  Zergling x2  
  128  16:59  Zergling x2, Queen x2  
  128  17:01  Zergling x2  
  128  17:02  Zergling x2  
  128  17:03  Baneling x5, Ravager  
  128  17:05  Zergling x4  
  133  17:13  Zergling x6  
  132  17:16  Roach x2  
  132  17:20  Ravager  
  132  17:21  Baneling x3  
  132  17:22  Zergling x6  
  126  17:26  Queen x3  
  126  17:28  Zergling x4  
  126  17:29  Roach  
  131  17:34  Zergling x4  
  132  17:39  Zergling x6  
  129  17:45  Zergling x4  
  129  17:48  Zergling x4  
  125  17:51  Roach  
  125  17:55  Zergling x2, Roach x3  
  125  17:56  Zergling x12  
  134  17:59  Zergling x2  
  134  18:00  Zergling x4  
  134  18:03  Roach  
  134  18:05  Roach  
  136  18:08  Roach  
  136  18:10  Roach  
  134  18:12  Roach x2  
  134  18:17  Roach  
  134  18:19  Zergling x2  
  132  18:21  Zergling x4  
  131  18:27  Zergling x4  
  131  18:31  Zergling x4  
  127  18:34  Zergling x2  
  127  18:35  Zergling x2  
Tags
 
Add a new tag
Caveats
  • Supply blocks, unpowered buildings, or Contaminate may cause inaccurate times.
  • Supply counts are checked every 10 seconds.